 Dungeon Crawl Stone Soup version 0.27.1 (webtiles) character file.

Game seed: 4206169432217730666

5483 Araneus the Basher (level 10, -7/73 HPs)
             Began as a Demonspawn Fighter on Aug 25, 2021.
             Mangled by a vampire (12 damage)
             ... on level 9 of the Dungeon.
             The game lasted 00:24:55 (10217 turns).

Araneus the Basher (Demonspawn Fighter)            Turns: 10217, Time: 00:24:55

Health: -7/73      AC: 14    Str: 20    XL:     10   Next: 42%
Magic:  10/10      EV:  7    Int:  9    God:
Gold:   393        SH: 11    Dex: 13    Spells: 9/9 levels left

rFire    . . .     SeeInvis .   g - +2 whip (vorpal)
rCold    + + .     Faith    .   c - +0 kite shield
rNeg     . . .     Spirit   .   q - +0 ice dragon scales
rPois    .         Reflect  .   p - +0 hat {Stlth+}
rElec    .         Harm     .   (no cloak)
rCorr    .         Rampage  .   i - +1 pair of gloves
Will     .....                  (no boots)
Stlth    +.........             (no amulet)
HPRegen  0.22/turn              j - ring of protection from fire
MPRegen  0.24/turn              (no ring)

@: about to teleport
A: talons 2, rugged brown scales 2, magic regeneration
a: no special abilities


You were on level 9 of the Dungeon.
You visited 2 branches of the dungeon, and saw 12 of its levels.
You also visited: Ossuary.

You collected 393 gold pieces.

Inventory:

Hand Weapons
 a - a +1 flail of electrocution
 g - a +2 vorpal whip (weapon)
Armour
 c - a +0 kite shield (worn)
 i - a +1 pair of gloves (worn)
 p - a +0 hat of stealth (worn)
 q - +0 ice dragon scales (worn)
Jewellery
 j - a ring of protection from fire (left hand)
Wands
 d - a wand of digging (4)
 h - a wand of flame (4)
 l - a wand of acid (10)
 o - a wand of paralysis (9)
 w - a wand of iceblast (3)
Scrolls
 b - a scroll of fog
 k - a scroll of identify
 r - a scroll of brand weapon
Potions
 e - a potion of ambrosia
 m - 2 potions of curing
 n - a potion of lignification
 u - a potion of attraction


   Skills:
 + Level 3.4 Fighting
 * Level 11.9 Maces & Flails
 - Level 2.6 Armour
 + Level 8.1 Shields


You had 9 spell levels left.
You didn't know any spells.
Your spell library contained the following spells:

 Spells                   Type           Power      Damage    Failure   Level
 Animate Skeleton         Necr           0%         N/A       98%         1
 Pain                     Necr           0%         1d4       98%         1
 Blink                    Tloc           N/A        N/A       99%         2
 Gell's Gravitas          Tloc           0%         N/A       100%        3
 Teleport Other           Tloc           0%         N/A       100%        3
 Vampiric Draining        Necr           0%         2d6       100%        3
 Agony                    Necr           0%         N/A       100%        5
 Alistair's Intoxication  Tmut/Pois      0%         N/A       100%        5
 Borgnjor's Vile Clutch   Necr/Erth      0%         N/A       100%        5
 Excruciating Wounds      Necr           0%         N/A       100%        5
 Manifold Assault         Tloc           0%         N/A       100%        5
 Dispersal                Tloc           0%         N/A       100%        6
 Eringya's Noxious Bog    Tmut/Pois      0%         N/A       100%        6
 Storm Form               Tmut/Air       0%         N/A       100%        7


Dungeon Overview and Level Annotations

Branches:
Dungeon (11/15)            Temple (1/1) D:7         Ossuary (visited)
   Lair: D:8-11         Orc: D:9-12

Altars:
Ashenzari
Cheibriados
Dithmenos
Elyvilon
Fedhas
Gozag
Hepliaklqana
Kikubaaqudgha
Makhleb
Nemelex Xobeh
Qazlal
Ru
Sif Muna
Trog
Vehumet
Wu Jian
Xom
Yredelemnul
Zin
The Shining One

Shops:
D:7 *

Annotations:
D:6 Maggie
D:10 exclusion: oklob plant, Urug


Innate Abilities, Weirdness & Mutations

You have razor-sharp toenails.
You are mostly covered in rugged brown scales. (AC +2, +5% HP)
You regenerate magic rapidly.


Message History

Something bites you but does no damage.
You hit something. You hit something but do no damage. You claw something.
You hear some strange, mumbled words.
You are confused.
You feel better. Something hits you. You block something's attack.
You hear some strange, mumbled words.
Something tries to affect you, but you resist.
There is a stone staircase leading up here.
You closely miss something. Something hits you!
Something bites you but does no damage.
You barely miss something. You claw something. You hit something.
Something hits you.
* * * LOW HITPOINT WARNING * * *
Something bites you!
* * * LOW HITPOINT WARNING * * *
Something draws strength from your injuries!
You barely miss something. Something hits you but does no damage.
Something bites you but does no damage.
You miss something. Your kick misses something.
A vampire appears from thin air!
Reactivating autopickup.
You hit the vampire but do no damage. Your kick misses the vampire.
The vampire is moderately damaged.
The vampire mumbles some strange words.
The vampire flickers and vanishes!
Deactivating autopickup; reactivate with Ctrl-A.
As you read the scroll of teleportation, it crumbles to dust.
You feel strangely unstable. Something hits you but does no damage.
Something bites you.
* * * LOW HITPOINT WARNING * * *
Something draws strength from your injuries!
You miss something. You claw something. Something hits you but does no damage.
You block something's attack.
You hit something but do no damage. Your kick misses something.
You closely miss something. You claw something. Something hits you.
* * * LOW HITPOINT WARNING * * *
You block something's attack.
You hit something but do no damage. Something hits you!
You die...

#....#...##
##$###....#
. ..
#.>..####...
#.
#...........
#
#.....###...
#.....#
+...#.#
#####{# #@#
###


There were no monsters in sight!

Vanquished Creatures
  Gastronok (D:8)
  Pikel (D:8)
  Maurice (D:10)
  A troll (D:10)
  A hornet (D:8)
  A wraith (D:5)
  A steam dragon (D:4)
  A water moccasin (D:5)
  An orc warrior (D:8)
  A black bear (D:7)
  A hornet zombie (D:6)
  A necrophage (D:8)
  A centaur (D:7)
  The ghost of tailblues the Charlatan, an amateur GrAr of Fedhas (D:4)
  3 kobold brigands
  3 bullfrogs
  A wyvern zombie (D:5)
  2 scorpions (D:5)
  8 wights
  2 howler monkeys
  3 centaur zombies
  2 jellies
  6 hounds
  2 orc priests (D:11)
  A centaur skeleton (D:6)
  An iguana (D:3)
  2 orc wizards
  A killer bee zombie (D:7)
  A hound zombie (D:5)
  A hound skeleton (D:5)
  A mummy (Ossuary)
  A howler monkey zombie (D:5)
  2 howler monkey skeletons (D:6)
  8 adders
  A shadow imp (D:6)
  2 ufetubi
  2 worms
  2 dart slugs
  5 orcs
  10 endoplasms
  3 giant cockroaches
  6 goblins
  11 hobgoblins
  7 jackals
  6 quokkas
  3 ball pythons
  5 bats
  2 bat simulacra (Ossuary)
  2 frilled lizards (D:3)
  12 gnoll zombies (Ossuary)
  5 goblin simulacra (Ossuary)
  3 goblin zombies
  4 hobgoblin zombies (Ossuary)
  16 kobolds
  4 kobold simulacra (Ossuary)
  6 kobold zombies (Ossuary)
  6 orc zombies (Ossuary)
  9 rats
  2 rat simulacra (Ossuary)
  A rat zombie (D:5)
  4 spectral goblins (Ossuary)
  6 spectral kobolds (Ossuary)
  2 spectral rats (Ossuary)
212 creatures vanquished.

Vanquished Creatures (others)
  3 plants (D:6)
3 creatures vanquished.

Grand Total: 215 creatures vanquished

Notes
Turn   | Place    | Note
-------+----------+-------------------------------------------
     0 | D:1      | Araneus the Demonspawn Fighter began the quest for the Orb.
     0 | D:1      | Reached XP level 1. HP: 18/18 MP: 1/1
    30 | D:1      | Reached skill level 2 in Maces & Flails
    48 | D:1      | You fall into a shaft and drop 1 floor!
    56 | D:2      | Gained mutation: You have sharp toenails. [demonic
                  | ancestry]
    56 | D:2      | Reached XP level 2. HP: 23/24 MP: 2/2
   282 | D:1      | Reached skill level 3 in Maces & Flails
   758 | D:1      | Reached XP level 3. HP: 29/29 MP: 3/3
  1434 | D:2      | Found a stormy altar of Qazlal.
  1633 | D:2      | Reached XP level 4. HP: 35/35 MP: 4/4
  2188 | D:3      | Reached skill level 4 in Maces & Flails
  2643 | D:3      | Gained mutation: You are partially covered in rugged brown
                  | scales. (AC +1, +3% HP) [demonic ancestry]
  2643 | D:3      | Reached XP level 5. HP: 35/42 MP: 5/5
  3112 | D:4      | Noticed tailblues's ghost (amateur GrAr)
  3113 | D:4      | Found a runed translucent gate.
  3114 | D:4      | Found a runed translucent gate.
  3114 | D:4      | Found a runed translucent gate.
  3189 | D:4      | Found a broken altar of Ashenzari.
  3244 | D:4      | Reached skill level 5 in Maces & Flails
  3292 | D:4      | Gained mutation: You regenerate magic rapidly. [demonic
                  | ancestry]
  3292 | D:4      | Reached XP level 6. HP: 45/48 MP: 6/6
  3785 | D:4      | Noticed a steam dragon
  3806 | D:4      | Killed a steam dragon
  3807 | D:4      | Reached skill level 6 in Maces & Flails
  4103 | D:4      | Killed tailblues's ghost
  4104 | D:4      | Reached XP level 7. HP: 45/53 MP: 7/7
  4138 | D:5      | Entered Level 5 of the Dungeon
  4138 | D:5      | Found a sand-covered staircase.
  4162 | Ossuary  | Entered an ossuary
  4617 | D:5      | Reached skill level 7 in Maces & Flails
  4801 | D:5      | Noticed a wraith
  4815 | D:5      | Killed a wraith
  5046 | D:5      | Gained mutation: You have razor-sharp toenails. [demonic
                  | ancestry]
  5046 | D:5      | Reached XP level 8. HP: 59/59 MP: 8/8
  5094 | D:5      | Reached skill level 5 in Shields
  5287 | D:5      | Reached skill level 8 in Maces & Flails
  5369 | D:5      | Found a snail-covered altar of Cheibriados.
  5372 | D:5      | Found a burning altar of Makhleb.
  5377 | D:5      | Found a bloodstained altar of Trog.
  5915 | D:6      | Noticed Maggie
  5941 | D:6      | HP: 1/59 [Maggie/bolt of fire (13)]
  6399 | D:7      | Reached skill level 9 in Maces & Flails
  7044 | D:7      | Gained mutation: You are mostly covered in rugged brown
                  | scales. (AC +2, +5% HP) [demonic ancestry]
  7044 | D:7      | Reached XP level 9. HP: 52/66 MP: 9/9
  7150 | D:7      | Found a staircase to the Ecumenical Temple.
  7159 | Temple   | Entered the Ecumenical Temple
  7312 | D:7      | Found Zin's Purification Station.
  7566 | D:8      | Noticed Gastronok
  7609 | D:8      | Found an ornate altar of the Wu Jian Council.
  7675 | D:8      | Noticed Pikel
  7688 | D:8      | Killed Pikel
  7689 | D:8      | Reached skill level 10 in Maces & Flails
  8238 | D:8      | You fall into a shaft and drop 3 floors!
  8299 | D:10     | Entered Level 10 of the Dungeon
  8534 | D:10     | Noticed a troll
  8545 | D:10     | Killed a troll
  8687 | D:10     | Noticed an oklob plant
  8706 | D:10     | Noticed Maurice
  8733 | D:10     | Killed Maurice
  8734 | D:10     | Reached skill level 11 in Maces & Flails
  8894 | D:10     | Noticed Urug
  8921 | D:10     | HP: 3/66 [Urug/javelin (5)]
  9305 | D:8      | Paralysed by a hornet for 3 turns
  9314 | D:8      | Reached XP level 10. HP: 46/73 MP: 10/10
  9699 | D:8      | Killed Gastronok
 10217 | D:9      | Mangled by a vampire

Illustrated notes

Levels and vault maps discovered:
D:1:      heliophobic_arrival_ceremonial_halls, layout_basic,
          minmay_pentomino_x2
D:2:      layout_loops_cross, basic_altar
D:3:      layout_loops_cross, st_stairs_8, minmay_checkerbox
D:4:      minmay_skewed_foursquare, layout_cave_pools,
          nicolae_overflow_crystal_walls, gammafunk_ghost_split,
          wad_rectangle_vault
D:5:      layout_cave_pools, grunt_temple_overflow_diamond, enter_ossuary_4
D:6:      layout_rooms, tso_oasis_becter, uniq_maggie
D:7:      layout_loops_ring, zin_purify, minmay_temple_entry_large_hall
D:8:      layout_loops_ring, lemuel_tele_altar, st_stairs_11, uniq_pikel,
          uniq_gastronok
D:9:      layout_basic, nicolae_uskayaw_murder_on_the_dancefloor
D:10:     layout_grid_maze, okawaru_metal_pillars_1_2, dpeg_oklobed_lair,
          serial_shops, shop, uniq_maurice, uniq_urug
D:11:     layout_roguey, uniq_josephine
Temple:   dshaligram_water_room_temple

Skill      XL: |  1  2  3  4  5  6  7  8  9 10 |
---------------+-------------------------------+-----
Maces & Flails | 2 3 4 5 6 7 9 11 | 11.9
Shields        | 3 4 6 7 8 |  8.1
Fighting       | |  3.4
Armour         | |  2.6

Action                   |  1- 3 |  4- 6 |  7- 9 | 10-12 || total
-------------------------+-------+-------+-------+-------++-------
Melee: Flail             |   104 |   134 |   412 |       ||   650
       Kick              |    20 |    31 |   171 |    27 ||   249
       Whip              |       |       |   111 |    46 ||   157
Evoke: Wand              |       |       |     6 |       ||     6
  Use: Potion            |       |     4 |     9 |     1 ||    14
       Scroll            |       |       |    22 |     1 ||    23
Armor: Scale mail        |    42 |    56 |       |       ||    98
       Ice dragon scales |       |    31 |   269 |    14 ||   314
Dodge: Dodged            |    41 |    50 |   112 |       ||   203
Block: Kite shield       |    58 |    64 |   233 |     8 ||   363
